 Dungeon Crawl Stone Soup version 0.29-a0-409-gd843f3a48c (webtiles) character file.

Game seed: 16493151525085553432

31598 RepHenryClay the Fighter (level 13, -5/109 HPs)
             Began as a Demonspawn Gladiator on May 13, 2022.
             Was a High Priest of Okawaru.
             Killed from afar by a lindwurm (19 damage)
             ... with a blast of flame
             ... on level 2 of the Lair of Beasts on May 14, 2022.
             The game lasted 00:40:19 (17524 turns).

RepHenryClay the Fighter (Demonspawn Gladiator)    Turns: 17524, Time: 00:40:20

Health: -5/109     AC: 31    Str: 18    XL:     13   Next: 26%
Magic:  21/21      EV: 12    Int: 10    God:    Okawaru [*****.]
Gold:   978        SH:  5    Dex: 18    Spells: 12/12 levels left

rFire   . . .      SeeInvis .   a - +4 great mace of Righteous Fury {protect, rC+ rN+}
rCold   + + .      Faith    .   (shield currently unavailable)
rNeg    + . .      Spirit   .   A - +0 chain mail
rPois   .          Reflect  +   K - +1 helmet "Kaufuaru" {+Blink Regen+}
rElec   +          Harm     .   (cloak unavailable)
rCorr   .          Rampage  .   z - +0 pair of gloves
Will    +....                   Q - +0 pair of boots
Stlth   ++........              g - amulet of reflection
HPRegen 1.08/turn               M - ring "Ravyxas" {rElec rC+ Will+ Stlth+}
MPRegen 0.34/turn               t - +4 ring of protection

@: heroic, under a protective aura, flying
A: thin skeletal structure 1, magic regeneration, demonic magic 2, weakness
stinger 3
a: Renounce Religion, Evoke Blink, Heroism, Finesse, Duel


You were on level 2 of the Lair of Beasts.
You worshipped Okawaru.
Okawaru was extremely pleased with you.
You visited 3 branches of the dungeon, and saw 15 of its levels.
You also visited: Gauntlet.

You collected 978 gold pieces.

Inventory:

Hand Weapons
 a - the +4 great mace of Righteous Fury (weapon) {protect, rC+ rN+}
   (You found it on level 3 of the Dungeon)

   It grants its wielder temporary protection when it strikes (+7 to AC).
   rC:        It protects you from cold.
   rN:        It protects you from negative energy.
 F - a +0 lajatang
 U - a +0 vampiric double sword
Missiles
 d - 2 throwing nets
 f - a curare-tipped dart
 D - 42 poisoned darts
 G - 16 javelins (quivered)
 J - 4 silver javelins
 S - 4 atropa-tipped darts
Armour
 z - a +0 pair of gloves (worn)
 A - a +0 chain mail (worn)
 K - the +1 helmet "Kaufuaru" (worn) {+Blink Regen+}
   (You found it in a Gauntlet)

   +Blink:    It lets you blink.
   Regen:     It increases your rate of health regeneration.
 O - the +8 crystal plate armour of the Endless Expanse {rN+ Regen+ rCorr Dex-2}
   (Okawaru gifted it to you on level 11 of the Dungeon)

   Dex:       It affects your dexterity (-2).
   rN:        It protects you from negative energy.
   Regen:     It increases your rate of health regeneration.
   rCorr:     It protects you from acid and corrosion.
 Q - a +0 pair of boots (worn)
Jewellery
 g - an amulet of reflection (around neck)
 r - a ring of resist corrosion
 t - a +4 ring of protection (right hand)
 E - a ring of protection from fire
 M - the ring "Ravyxas" (left hand) {rElec rC+ Will+ Stlth+}
   (You found it in a Gauntlet)

   [ring of willpower]

   rC:        It protects you from cold.
   rElec:     It insulates you from electricity.
   Will:      It increases your willpower.
   Stlth:     It makes you more stealthy.
Wands
 c - a wand of iceblast (7)
 p - a wand of flame (24)
 s - a wand of polymorph (13)
 u - a wand of digging (3)
 C - a wand of paralysis (14)
 L - a wand of acid (8)
Scrolls
 b - 3 scrolls of immolation
 e - 4 scrolls of blinking
 h - 12 scrolls of teleportation
 i - a scroll of enchant weapon
 k - 5 scrolls of poison
 m - a scroll of silence
 v - 3 scrolls of magic mapping
 x - a scroll of identify {@r1}
 y - 3 scrolls of vulnerability
 I - 2 scrolls of fog
 N - 3 scrolls of fear
 P - a scroll of amnesia
Potions
 l - 6 potions of curing
 n - 3 potions of magic
 o - 6 potions of brilliance
 q - 3 potions of heal wounds
 H - 2 potions of ambrosia
 R - a potion of haste
 V - a potion of lignification {unknown}


   Skills:
 + Level 12.3(17.3) Fighting
 - Level 11.0(16.3) Maces & Flails
 - Level 4.1(13.2) Staves
 - Level 1.7(6.7) Throwing
 + Level 11.4(16.4) Armour
 - Level 3.4(8.4) Dodging
 - Level 10.8 Invocations


You had 12 spell levels left.
You didn't know any spells.
Your spell library contained the following spells:

 Spells                   Type           Power      Damage    Failure   Level
 Magic Dart               Conj           0%         1d3       91%         1
 Sting                    Tmut/Pois      0%         1d3       91%         1
 Blink                    Tloc           0%         N/A       97%         2
 Poisonous Vapours        Pois/Air       0%         N/A       97%         2
 Confusing Touch          Hex            0%         N/A       100%        3
 Lesser Beckoning         Tloc           0%         N/A       100%        3
 Mephitic Cloud           Conj/Pois/Air  0%         N/A       100%        3
 Ozocubu's Armour         Ice            0%         N/A       100%        3
 Olgreb's Toxic Radiance  Pois           0%         N/A       100%        4
 Manifold Assault         Tloc           0%         N/A       100%        5
 Metabolic Englaciation   Hex/Ice        0%         N/A       100%        5
 Yara's Violent Unravell  Hex/Tmut       0%         3d3       100%        5
 Enfeeble                 Hex            0%         N/A       100%        7
 Storm Form               Tmut/Air       0%         N/A       100%        7
 Call Imp                 Summ           Unusable   N/A       N/A         2
 Simulacrum               Ice/Necr       Unusable   N/A       N/A         6

Dungeon Overview and Level Annotations

Branches:
Dungeon (12/15)            Temple (1/1) D:7            Lair (2/6) D:10
    Orc (0/2) D:9         Gauntlet (visited)
  Swamp: Lair:2-4    Shoals: Lair:2-4     Snake: Lair:2-4    Spider: Lair:2-4

Altars:
Ashenzari
Cheibriados
Dithmenos
Elyvilon
Fedhas
Gozag
Hepliaklqana
Kikubaaqudgha
Makhleb
Nemelex Xobeh
Okawaru
Qazlal
Ru
Sif Muna
Trog
Uskayaw
Vehumet
Wu Jian
Xom
Yredelemnul
Zin
The Shining One

Shops:
D:6 *


Innate Abilities, Weirdness & Mutations

You have a somewhat thin skeletal structure. (Dex +2, Stealth+)
You regenerate magic rapidly.
Spells you cast may paralyse nearby enemies.
You have a sharp stinger which inflicts weakening toxins.


Message History

The lindwurm claws you but does no damage.
You hit the lindwurm.
You tail-slap the lindwurm, but do no damage.
The lindwurm is moderately wounded.
The lindwurm bites you. You block the lindwurm's attack.
The lindwurm claws you but does no damage.
The lindwurm closely misses you.
The lindwurm claws you but does no damage.
The lindwurm barely misses you.
The lindwurm bites you but does no damage.
The lindwurm barely misses you.
The lindwurm claws you but does no damage.
You sock the lindwurm!
The lindwurm is heavily wounded.
The lindwurm breathes flames at you. The blast of flame hits you!!
The lindwurm bites you but does no damage.
The lindwurm barely misses you. You block the lindwurm's attack.
The lindwurm breathes flames at you. The blast of flame hits you!!
Huge Dmg: -41%(-45hp) hp: 43%(46hp)
You bludgeon the lindwurm!!
The lindwurm is almost dead.
You block the lindwurm's attack.
The lindwurm claws you but does no damage.
The lindwurm claws you.
* * * LOW HITPOINT WARNING * * *
The lindwurm breathes flames at you. The blast of flame hits you!!
* * * LOW HITPOINT WARNING * * *
The lindwurm bites you but does no damage.
The lindwurm barely misses you. The lindwurm claws you.
* * * LOW HITPOINT WARNING * * *
Huge Dmg: -31%(-33hp) hp: 12%(13hp)
You sock the lindwurm!
You kill the lindwurm!
Okawaru accepts your kill. The lindwurm breathes flames at you.
The blast of flame hits you!!
You die...

######.............# #
###.###..#...........# #
##P.#..§.#.#...#.....##
.....§§§.......##.....###
...≈≈≈≈§≈≈≈....#..P......
.≈≈≈≈≈§§≈≈≈§≈.........#..
§≈≈≈≈≈≈≈≈≈≈§≈≈....P.###P#
≈≈§≈≈≈≈§§≈≈≈≈≈≈..#### ###
≈≈≈≈≈≈≈@§≈≈≈≈≈§≈..# ##
≈≈≈≈≈kkk§§≈≈≈≈≈§§.#### #.
≈≈≈...##§..§≈≈≈§≈§...###.
≈≈≈..# ##§§≈≈≈≈≈≈.....##.
§≈.$# .#..≈≈≈§≈......##
§≈.# $##.≈≈≈§§§.....# ≈§.
##.§≈§≈§≈....## §§
#..§≈≈≈≈....## #
..≈≈§≈≈≈...## ##


You could see 3 lindwurms.

Vanquished Creatures
  A minotaur (Gauntlet)
  Erolcha (D:9)
  3 hydras
  Erica (D:9)
  2 two-headed ogres (D:10)
  Urug (D:12)
  A thrashing horror (Gauntlet)
  3 skeletal warriors (D:12)
  A lindwurm (Lair:2)
  A deep elf pyromancer (D:12)
  Pikel (D:8)
  2 ugly things (D:12)
  A cyclops (D:11)
  5 elephants (Lair:1)
  3 black mambas
  6 cane toads
  2 gargoyles (D:10)
  An unseen horror (D:10)
  2 komodo dragons (Lair:2)
  4 kobold demonologists (D:12)
  2 tengu conjurers (D:11)
  3 trolls
  2 polar bears
  4 blink frogs (Lair:2)
  A ynoxinul (Gauntlet)
  2 shadows
  A wyvern (Lair:1)
  2 wraiths
  25 yaks
  A vampire (D:12)
  7 vampire mosquitoes
  4 steam dragons
  3 swamp worms (Gauntlet)
  7 water moccasins
  3 wargs
  5 orc warriors
  3 ice beasts
  2 small abominations (Gauntlet)
  2 black bears (D:5)
  3 sky beasts
  2 centaurs (D:8)
  A phantom (D:6)
  4 kobold brigands
  A gnoll sergeant (D:7)
  6 bullfrogs
  2 necrophages (D:4)
  3 scorpions
  11 wights
  16 killer bees
  7 howler monkeys
  7 electric eels (D:7)
  A jelly (D:6)
  6 hounds
  A gnoll shaman (D:8)
  8 orc priests
  3 iron imps (Gauntlet)
  A scorpion zombie (D:5)
  Terence (D:2)
  5 iguanas
  5 orc wizards
  A killer bee zombie (D:5)
  2 hound zombies (D:5)
  8 gnolls
  8 adders
  A shadow imp (D:7)
  An adder zombie (D:5)
  5 dart slugs
  29 orcs
  4 ball pythons
  7 bats
  6 endoplasms
  8 giant cockroaches
  7 goblins
  8 hobgoblins
  2 jackals (D:2)
  3 frilled lizards (D:1)
  28 kobolds
  5 rats
348 creatures vanquished.

Vanquished Creatures (others)
  A kobold brigand (D:8)
  An orc wizard (D:9)
  An orc (D:9)
  3 fungi (Lair:2)
  107 plants
  4 withered plants (Gauntlet)
117 creatures vanquished.

Grand Total: 465 creatures vanquished

Notes
Turn   | Place    | Note
-------+----------+-------------------------------------------
     0 | D:1      | RepHenryClay the Demonspawn Gladiator began the quest for
                  | the Orb.
     0 | D:1      | Reached XP level 1. HP: 16/16 MP: 1/1
   233 | D:1      | Gained mutation: Spells you cast may paralyse adjacent
                  | enemies. [demonic ancestry]
   233 | D:1      | Reached XP level 2. HP: 21/22 MP: 2/2
   353 | D:1      | Found a faded altar of an unknown god.
  1022 | D:1      | Reached skill level 1 in Armour
  1062 | D:1      | Gained mutation: You have a small tail. [demonic ancestry]
  1062 | D:1      | Reached XP level 3. HP: 27/27 MP: 3/3
  1411 | D:2      | Noticed Terence
  1420 | D:2      | Killed Terence
  1637 | D:2      | Gained mutation: Spells you cast may paralyse nearby
                  | enemies. [demonic ancestry]
  1637 | D:2      | Reached XP level 4. HP: 33/33 MP: 4/4
  2232 | D:3      | Found a snail-covered altar of Cheibriados.
  2339 | D:3      | Identified the +4 great mace of Righteous Fury {protect,
                  | rC+ rN+}
  2660 | D:3      | Reached skill level 1 in Maces & Flails
  2660 | D:3      | Gained mutation: You have a tail ending in a sharp stinger.
                  | [demonic ancestry]
  2660 | D:3      | Reached XP level 5. HP: 38/38 MP: 5/5
  2811 | D:4      | You fall into a shaft and drop 1 floor!
  2811 | D:5      | Entered Level 5 of the Dungeon
  2874 | D:4      | Identified the +3 leather armour "Viechuon" {Int+2}
  2946 | D:4      | Reached XP level 6. HP: 30/44 MP: 6/6
  2959 | D:4      | Found the +4 robe of Augmentation {Str+4 Int+4 Dex+4}
  3364 | D:5      | Noticed an ice beast
  3381 | D:5      | Killed an ice beast
  3382 | D:5      | Reached skill level 5 in Maces & Flails
  3382 | D:5      | Reached XP level 7. HP: 48/50 MP: 7/7
  3510 | D:5      | Found a bloodstained altar of Trog.
  3690 | D:5      | Noticed a steam dragon
  3713 | D:5      | Killed a steam dragon
  3714 | D:5      | Gained mutation: You regenerate magic rapidly. [demonic
                  | ancestry]
  3714 | D:5      | Reached XP level 8. HP: 52/56 MP: 8/8
  3936 | D:5      | Found a basalt altar of Yredelemnul.
  4042 | D:5      | Found an ornate altar of the Wu Jian Council.
  4512 | D:6      | Found Xeunuky's General Store.
  5830 | D:7      | Reached XP level 9. HP: 57/61 MP: 9/9
  5930 | D:7      | Found a broken altar of Ashenzari.
  5970 | D:7      | Reached skill level 10 in Maces & Flails
  6191 | D:7      | Reached skill level 3 in Fighting
  6526 | D:7      | Found a staircase to the Ecumenical Temple.
  6609 | Temple   | Entered the Ecumenical Temple
  7198 | D:7      | Reached skill level 4 in Fighting
  7902 | D:8      | Found a radiant altar of Vehumet.
  8276 | D:8      | Noticed a troll
  8291 | D:8      | Killed a troll
  8292 | D:8      | Reached skill level 5 in Fighting
  8502 | D:8      | Reached XP level 10. HP: 74/74 MP: 10/10
  8530 | D:8      | Found an iron altar of Okawaru.
  8540 | D:8      | Became a worshipper of Warmaster Okawaru
  8567 | D:8      | Found an opulent altar of Gozag.
  8816 | D:8      | Reached skill level 5 in Armour
  9651 | D:8      | Reached skill level 1 in Invocations
  9898 | D:8      | Reached * piety under Okawaru
  9982 | D:8      | Reached skill level 5 in Invocations
 10266 | D:9      | Noticed Erolcha
 10563 | D:9      | Noticed Pikel
 10570 | D:8      | Killed Pikel
 10570 | D:8      | Reached ** piety under Okawaru
 10635 | D:9      | Killed Erolcha
 10636 | D:9      | Reached skill level 10 in Invocations
 10841 | D:9      | Noticed Erica
 10891 | D:9      | Killed Erica
 10892 | D:9      | Reached XP level 11. HP: 35/80 MP: 16/19
 11174 | D:9      | Found a stormy altar of Qazlal.
 11203 | D:9      | Reached *** piety under Okawaru
 11453 | D:9      | Reached skill level 6 in Fighting
 11704 | D:9      | Found a staircase to the Orcish Mines.
 11763 | D:10     | Entered Level 10 of the Dungeon
 11774 | D:10     | Found a staircase to the Lair.
 11812 | D:10     | Noticed a two-headed ogre
 11971 | D:10     | Killed a two-headed ogre
 12092 | D:10     | Reached skill level 7 in Fighting
 12094 | D:10     | Reached **** piety under Okawaru
 12094 | D:10     | Received a gift from Okawaru
 12767 | D:10     | Found a burning altar of Makhleb.
 12778 | D:10     | Noticed a cacodemon
 12812 | D:10     | Noticed a two-headed ogre
 12818 | D:10     | Killed a two-headed ogre
 12819 | D:10     | Reached skill level 8 in Fighting
 13111 | D:11     | Found a gate leading to a gauntlet.
 13121 | Gauntlet | Entered a Gauntlet
 13121 | Gauntlet | Noticed a death scarab
 13121 | Gauntlet | Found a transporter.
 13121 | Gauntlet | Found a transporter.
 13121 | Gauntlet | Found a transporter.
 13122 | Gauntlet | Found a transporter.
 13125 | Gauntlet | Found a transporter.
 13125 | Gauntlet | Found a transporter.
 13135 | Gauntlet | Found a transporter.
 13139 | Gauntlet | Found a transporter.
 13146 | Gauntlet | Noticed a thrashing horror
 13146 | Gauntlet | Noticed a death drake
 13149 | Gauntlet | Found a transporter.
 13251 | Gauntlet | Found a transporter.
 13255 | Gauntlet | Found a transporter.
 13329 | Gauntlet | Identified the ring "Ravyxas" {rElec rC+ Will+ Stlth+}
 13436 | Gauntlet | Reached ***** piety under Okawaru
 13454 | Gauntlet | Found a transporter.
 13471 | Gauntlet | Killed a thrashing horror
 13474 | Gauntlet | Identified the +1 helmet "Kaufuaru" {+Blink Regen+}
 13574 | Gauntlet | Identified the +2 falchion of Pythudes {speed, *Noise Str+6
                  | SInv Stlth+}
 13574 | Gauntlet | Noticed a minotaur
 13591 | Gauntlet | Killed a minotaur
 13592 | Gauntlet | Reached skill level 9 in Fighting
 13592 | Gauntlet | Gained mutation: You have a somewhat thin skeletal
                  | structure. (Dex +2, Stealth+) [demonic ancestry]
 13592 | Gauntlet | Reached XP level 12. HP: 50/95 MP: 15/20
 13905 | D:11     | Identified the +8 crystal plate armour of the Endless
                  | Expanse {rN+ Regen+ rCorr Dex-2} (Okawaru gifted it to you
                  | on level 11 of the Dungeon)
 13905 | D:11     | Received a gift from Okawaru
 14513 | Lair:1   | Entered Level 1 of the Lair of Beasts
 14740 | Lair:1   | Reached skill level 10 in Fighting
 15226 | Lair:1   | Noticed a six-headed hydra
 15241 | Lair:1   | Killed a six-headed hydra
 16030 | D:12     | Reached skill level 10 in Armour
 16076 | D:12     | Reached skill level 11 in Fighting
 16222 | D:12     | Noticed a five-headed hydra
 16280 | D:12     | Killed a five-headed hydra
 16280 | D:12     | Received a gift from Okawaru
 16459 | D:12     | Noticed Urug
 16472 | D:12     | Killed Urug
 16559 | D:12     | Noticed a seven-headed hydra
 16570 | D:12     | Killed a seven-headed hydra
 16719 | D:12     | Received a gift from Okawaru
 16733 | D:12     | Gained mutation: You have a sharp stinger which inflicts
                  | weakening toxins. [demonic ancestry]
 16733 | D:12     | Reached XP level 13. HP: 86/107 MP: 21/21
 17070 | Lair:2   | Reached skill level 12 in Fighting
 17524 | Lair:2   | Killed from afar by a lindwurm

Illustrated notes

Levels and vault maps discovered:
D:1:      dpeg_arrival_rooms_b, layout_loops_corners,
          shapermc_ecumenical_altar_notcrosses
D:2:      layout_loops_ring, minivault_11, uniq_terence
D:3:      layout_basic, mainiacjoe_overflow_tiny_flanked
D:4:      layout_rooms
D:5:      layout_basic, lightli_temple_of_fire,
          nicolae_yredelemnul_corpse_copse, nicolae_wu_jian_glorious_leap
D:6:      layout_rooms, mainiacjoe_overflow_catwalk, serial_shops, shop,
          serial_bayou_pond_a, nicolae_water_bricks
D:7:      layout_basic, mainiacjoe_overflow_small_starburst,
          minmay_temple_entry_antechambers, serial_bayou, serial_bayou_shore_b,
          serial_bayou_shore_a, serial_bayou_lagoon_a, serial_bayou_pond_b,
          serial_bayou_lake_a, serial_bayou_shore_b
D:8:      layout_cave_pods, mainiacjoe_overflow_two_lobes, kennysheep_mini,
          serial_park_tiny_pond
D:9:      layout_rooms, mainiacjoe_overflow_cross_hatched, orc_0_dummy,
          uniq_pikel, uniq_erica, uniq_erolcha
D:10:     layout_roguey, elyvilon_altar_1, makhleb_altar_promises_db,
          erik_lair_orcish_takeover, kennysheep_generic_room_9
D:11:     layout_basic, gauntlet_entry_generic
D:12:     layout_small_grid, minmay_misc_feat_cross, uniq_urug
Temple:   jpeg_temple_alley_garden
Lair:1:   layout_cave_pods, cheibrodos_lair_caveside_slide
Lair:2:   layout_cave_pods, minmay_lindwurm_lava, grunt_megastairs_4

Skill      XL: |  1  2  3  4  5  6  7  8  9 10 11 12 13 |
---------------+----------------------------------------+-----
Staves         | 3 4 |  4.1
Dodging        | 3 |  3.4
Armour         | 1 4 5 8 10 11 | 11.4
Maces & Flails | 1 3 5 7 9 10 11 | 11.0
Fighting       | 5 9 11 12 | 12.3
Invocations    | 10 | 10.8
Throwing       | |  1.7

Action                   |  1- 3 |  4- 6 |  7- 9 | 10-12 | 13-15 || total
-------------------------+-------+-------+-------+-------+-------++-------
Melee: Quarterstaff      |    88 |    59 |       |       |       ||   147
       Tailslap          |     4 |    16 |    31 |   123 |    23 ||   197
       Great mace        |       |    67 |   290 |   679 |    88 ||  1124
Throw: Dart              |       |       |    10 |    16 |       ||    26
       Javelin           |       |       |       |     2 |       ||     2
       Throwing net      |       |       |       |     1 |       ||     1
Invok: Heroism           |       |       |       |    14 |     2 ||    16
       Finesse           |       |       |       |     1 |       ||     1
Evoke: Wand              |       |       |     5 |     5 |       ||    10
  Use: Potion            |       |       |    11 |       |     3 ||    14
       Scroll            |       |       |       |    18 |     1 ||    19
 Stab: Sleeping          |       |       |     1 |     4 |     4 ||     9
       Held in net/web   |       |       |       |     4 |       ||     4
       Distracted        |       |       |       |       |     1 ||     1
Armor: Leather armour    |    26 |       |       |       |       ||    26
       Ring mail         |       |    28 |       |       |       ||    28
       Scale mail        |       |    29 |    18 |       |       ||    47
       Steam dragon scal |       |       |   144 |   462 |    41 ||   647
       Chain mail        |       |       |       |       |    15 ||    15
Dodge: Dodged            |    54 |    82 |   227 |   598 |    71 ||  1032
Block: Other             |    10 |    31 |    70 |   219 |    29 ||   359
       Reflection        |       |       |     2 |     4 |       ||     6

Table legend: (Time is in decaauts)
 A = Elapsed time spent in this place.
 B = Non-inter-level travel time spent in this place.
 C = Inter-level travel time spent in this place.
 D = Time resting spent in this place.
 E = Time spent auto-exploring this place.
 F = Levels seen in this place.
 G = Mean time per level.
                   A        B        C        D        E       F      G
               +--------+--------+--------+--------+--------+-----+--------+
         Total |  17794 |  16634 |   1160 |   3082 |  10035 |  16 | 1112.1 |
       Dungeon |  15249 |  14326 |    923 |   3045 |   8372 |  12 | 1270.8 |
        Temple |    228 |    176 |     52 |      0 |    156 |   1 |  228.0 |
          Lair |   1709 |   1525 |    184 |     37 |   1109 |   2 |  854.5 |
      Gauntlet |    606 |    606 |      0 |      0 |    398 |   1 |  606.0 |
               +--------+--------+--------+--------+--------+-----+--------+

Top non-repeatable levels by time:
     D:8: 2993 daAuts
     D:7: 2276 daAuts
     D:6: 1454 daAuts
     D:1: 1294 daAuts
    D:10: 1214 daAuts
  Lair:1: 1139 daAuts
     D:5: 1025 daAuts
    D:12: 1024 daAuts
     D:9: 983 daAuts
    D:11: 885 daAuts
     D:2: 824 daAuts
     D:3: 639 daAuts
     D:4: 631 daAuts
Gauntlet: 606 daAuts
  Lair:2: 569 daAuts
